 Dungeon Crawl Stone Soup version 0.30.1-9-gdf580d7c3d (webtiles) character file.

Game seed: 9539206185520760248

16 PoweredByGinger the Shield-Bearer (level 2, 0/39 HPs)
             Began as a Minotaur Fighter on Oct 10, 2023.
             Succumbed to a kobold's poison
             ... on level 1 of the Dungeon.
             The game lasted 00:00:45 (283 turns).

PoweredByGinger the Shield-Bearer (Minotaur Fighter) Turns: 283, Time: 00:00:46

Health: 0/39       AC: 21    Str: 20    XL:     2   Next: 37%
Magic:  1/1        EV:  2    Int:  5    God:
Gold:   35         SH:  4    Dex:  9    Spells: 1/1 levels left

rFire   . . .        a - +0 war axe
rCold   . . .        c - +0 buckler
rNeg    . . .        b - melded +0 scale mail
rPois   +            (helmet currently unavailable)
rElec   .            (cloak currently unavailable)
rCorr   .            (gloves currently unavailable)
SInv    .            (boots currently unavailable)
Will    .....        (no amulet)
Stlth   +            (no ring)
HPRegen 0.26/turn    (no ring)
MPRegen 0.07/turn

%: no passive effects
@: lethally poisoned (0 -> -3), tree-form, attractive
A: stationary, stasis, torment immunity, boosted hp, (horns 2), (retaliatory
headbutt)
a: no special abilities


You were on level 1 of the Dungeon.
You were a tree.
You visited 1 branch of the dungeon, and saw 1 of its levels.

You collected 35 gold pieces.

Inventory:

Hand Weapons
 a - a +0 war axe (weapon)
Armour
 b - a +0 scale mail (melded)
 c - a +0 buckler (worn)
Scrolls
 f - a scroll of acquirement {unknown}
 g - a scroll of vulnerability {unknown}
Potions
 d - a potion of might


   Skills:
 - Level 3.6 Fighting
 + Level 3.1 Axes
 - Level 3.6 Armour
 + Level 4.2 Shields


You had one spell level left.
You didn't know any spells.
Your spell library was empty.

Dungeon Overview and Level Annotations

Branches:
Dungeon (1/15)

Altars:


Innate Abilities, Weirdness & Mutations

You are a tree.
Your roots penetrate the ground, keeping you stationary.
You cannot be teleported.
You are immune to unholy pain and torment.
Your maximum health is greatly increased.
Your equipment is partially melded.
((You have a pair of horns on your head.))
((You reflexively headbutt those who attack you in melee.))


Message History

You miss the kobold.
You feel sick. The kobold closely misses you.
The kobold hits you with a +1 dagger of venom.
You are more poisoned.
You barely miss the kobold.
You feel very sick. The kobold hits you but does no damage.
You are lethally poisoned!
You are too injured to fight recklessly!
You are too injured to fight recklessly!
It was a potion of attraction.
You feel attractive to monsters.
You feel very sick. You block the kobold's attack.
It was a potion of lignification.
You turn into a tree.
Your +0 scale mail melds into your body.
Your roots penetrate the ground.
* * * LOW HITPOINT WARNING * * *
You feel very sick. The kobold hits you but does no damage.
Really quaff the potion of attraction?
You feel more attractive to monsters.
* * * LOW HITPOINT WARNING * * *
You feel very sick. The kobold completely misses you.
Unknown command.
You slash the kobold!
You kill the kobold!
* * * LOW HITPOINT WARNING * * *
You feel very sick.
Unknown command.
Unknown command.
There is a lethal amount of poison in your body!
There is a lethal amount of poison in your body!
* * * LOW HITPOINT WARNING * * *
You feel sick.
* * * LOW HITPOINT WARNING * * *
You feel sick.
* * * LOW HITPOINT WARNING * * *
You feel sick.
You die...

##P.............P#.# #.#.........
##.......##.......# #......###..
##......#####.#### ######## #).
#...#### ##.##### #.. #...#
##...... ##. #...# ##.....#### #.
####...#####..(......# ##
.....................#..
................♣)...... #
..................#.##.. #
####†..#######........ #
####...### #######.## ###
#........####.._..### #..
#..#...####...†.....### #.#
..............†.......#### #.#
...............†)........######.#
##.........###...................


There were no monsters in sight!

Vanquished Creatures
  A bat (D:1)
  3 goblins (D:1)
  2 hobgoblins (D:1)
  2 kobolds (D:1)
  2 ball pythons (D:1)
  2 frilled lizards (D:1)
  3 rats (D:1)
15 creatures vanquished.

Notes
Turn   | Place    | Note
-------+----------+-------------------------------------------
     0 | D:1      | PoweredByGinger the Minotaur Fighter began the quest for
                  | the Orb.
     0 | D:1      | Reached XP level 1. HP: 19/19 MP: 0/0
    16 | D:1      | Found Nimaipt's Jewellery Emporium.
   214 | D:1      | Found a faded altar of an unknown god.
   224 | D:1      | Reached skill level 4 in Shields
   227 | D:1      | Reached XP level 2. HP: 23/26 MP: 1/1
   282 | D:1      | HP: 1/39 [poisoned by a kobold]
   283 | D:1      | Succumbed to a kobold's poison

Illustrated notes

Levels and vault maps discovered:
D:1:      eino_arrival_druids_welcome, layout_loops_cross,
          hellmonk_ecumenical_altar_zigzags, serial_shops, shop_fountains

Skill      XL: |  1 |
---------------+----+-----
Shields        | 4 |  4.2
Axes           | 3 |  3.1
Fighting       | |  3.6
Armour         | |  3.6

Action                     || total
---------------------------++-------
  Melee: War axe           ||    27
    Use: Potion            ||     3
 Armour: Scale mail        ||    12
         Skin              ||     1
  Dodge: Dodged            ||    14
  Block: Buckler           ||     7
